 Dungeon Crawl Stone Soup version 0.22.1-1-ga44c0e56f4 (webtiles) character file.

1138 Nixze the Magician (level 8, 0/41 HPs)
             Began as a Deep Elf Air Elementalist on Nov 3, 2018.
             Was a Follower of Sif Muna.
             Slain by a black bear (11 damage)
             ... on level 5 of the Dungeon.
             The game lasted 00:16:39 (6348 turns).

Nixze the Magician (Deep Elf Air Elementalist)      Turns: 6348, Time: 00:16:40

Health: 0/41       AC:  6    Str:  5    XL:     8   Next: 14%
Magic:  1/21       EV: 13    Int: 23    God:    Sif Muna [*.....]
Gold:   260        SH:  0    Dex: 15    Spells: 9/22 levels left

rFire    . . .     SeeInvis .   g - +3 dagger
rCold    . . .     Gourm    .   (no shield)
rNeg     . . .     Faith    .   o - +0 steam dragon scales
rPois    .         Spirit   .   (no helmet)
rElec    .         Reflect  .   r - +0 cloak
rCorr    .         Harm     .   (no gloves)
MR       .....                  (no boots)
Stlth    ++........             (no amulet)
HPRegen  0.13/turn              b - ring of flight
MPRegen  0.17/turn              (no ring)

@: no status effects
A: no striking features
a: Divine Energy, Renounce Religion, Evoke Flight


You were on level 5 of the Dungeon.
You worshipped Sif Muna.
Sif Muna was aware of your devotion.
You were not hungry.

You visited 2 branches of the dungeon, and saw 8 of its levels.

You collected 260 gold pieces.

Inventory:

Hand Weapons
 g - a +3 dagger (weapon)
Armour
 o - +0 steam dragon scales (worn)
 r - a +0 cloak (worn)
Jewellery
 b - a ring of flight (left hand)
Wands
 p - a wand of random effects (18)
 w - a wand of paralysis (14)
 x - a wand of scattershot (1)
Scrolls
 a - 2 scrolls of remove curse
 d - a scroll of magic mapping
 f - a scroll of amnesia
 k - a scroll of immolation
 l - a scroll of teleportation {unknown}
 n - 3 scrolls of identify {unknown}
 s - a scroll of enchant armour {unknown}
Potions
 e - a potion of flight {unknown}
 h - a potion of brilliance {unknown}
 i - a potion of resistance {unknown}
 j - 2 potions of lignification {unknown}
 m - 3 potions of heal wounds {unknown}
 q - a potion of cancellation {unknown}
 t - 2 potions of curing {unknown}
 u - a potion of mutation {unknown}
 v - a potion of degeneration {unknown}
Comestibles
 c - 13 rations


   Skills:
 - Level 2.4 Dodging
 - Level 2.4 Stealth
 + Level 7.8 Spellcasting
 + Level 6.1 Conjurations
 + Level 6.2 Air Magic


You had 9 spell levels left.
You knew the following spells:

 Your Spells              Type           Power        Failure   Level  Hunger
a - Shock                 Conj/Air       ####         1%          1    None
b - Static Discharge      Conj/Air       #####...     1%          3    None
c - Airstrike             Air            #####.....   5%          4    ###....
d - Lightning Bolt        Conj/Air       #####.....   16%         5    #####..

Your spell library contained the following spells:

 Spells                   Type           Power        Failure   Level  Hunger
 Swiftness                Chrm/Air       ###.....     3%          2    None
 Dazzling Spray           Conj/Hex       ###...       6%          3    None
 Corona                   Hex            #......      7%          1    None
 Ensorcelled Hibernation  Hex/Ice        #.....       11%         2    None
 Confuse                  Hex            #.......     22%         3    None
 Tukima's Dance           Hex            #.......     22%         3    None


Dungeon Overview and Level Annotations

Branches:
Dungeon (7/15)             Temple (1/1) D:4

Altars:
Ashenzari
Cheibriados
Dithmenos
Elyvilon
Fedhas
Gozag
Hepliaklqana
Kikubaaqudgha
Makhleb
Nemelex Xobeh
Okawaru
Qazlal
Sif Muna
Uskayaw
Vehumet
Wu Jian
Xom
Yredelemnul
Zin
The Shining One


Message History

You destroy the wight!
Sif Muna accepts your kill.
The lightning arcs!
You are struck by lightning.
The lightning arcs!
The black bear is struck by lightning.
The black bear is almost dead.
The lightning grounds out.
The black bear barely misses you. The black bear closely misses you.
The black bear barely misses you.
The black bear goes berserk!
The wight barely misses you.
You climb upwards.
There is a stone staircase leading down here.
You barely miss the black bear.
The black bear is almost dead.
The black bear bites you!
The black bear claws you but does no damage.
The black bear claws you. The black bear bites you!
* * * LOW HITPOINT WARNING * * *
The black bear claws you but does no damage.
The black bear barely misses you. The black bear bites you!
You die...

..........# #.#
.......##.######.#
............#....#
...............รท.#
##+#....#.###.##.# ###
........#.# #.##.# #.#
##......#.###.##.# #.#
........#.....##.#
#.####
...........##.##@#
#....#
...............h>#
#.####
......#.##....######.#
.#...................#
###...#.#####..#.###.#
....(##.# #.........#
..#####.# #...#.###.#
..# #.#
#.....###.###### ..#
#.# #..............#


You could see a black bear (berserk).

Vanquished Creatures
  Prince Ribbit (D:5)
  Sigmund (D:3)
  A phantom (D:5)
  An ogre (D:5)
  A wight (D:6)
  A howler monkey (D:4)
  2 crimson imps (D:6)
  A hound (D:5)
  A centaur skeleton (D:6)
  Terence (D:3)
  3 orc wizards
  2 worker ants
  A worker ant zombie (D:3)
  Robin (D:2)
  8 adders
  An ooze (D:2)
  2 worms
  4 leopard geckos
  20 orcs
  8 bats
  2 giant cockroaches
  14 goblins
  7 hobgoblins
  17 jackals
  A ball python (D:3)
  8 frilled lizards
  7 kobolds
  A quokka skeleton (D:3)
  12 rats
130 creatures vanquished.

Notes
Turn   | Place    | Note
-------+----------+-------------------------------------------
     0 | D:1      | Nixze the Deep Elf Air Elementalist began the quest for the
                  | Orb.
     0 | D:1      | Reached XP level 1. HP: 10/10 MP: 6/6
   469 | D:1      | Reached XP level 2. HP: 15/15 MP: 4/8
  1641 | D:2      | Reached XP level 3. HP: 19/19 MP: 8/10
  1759 | D:2      | Noticed Robin
  1764 | D:2      | Killed Robin
  1764 | D:2      | Reached skill level 4 in Spellcasting
  1938 | D:2      | Learned a level 3 spell: Static Discharge
  2073 | D:2      | Reached XP level 4. HP: 21/24 MP: 4/12
  2189 | D:2      | Learned a level 4 spell: Airstrike
  2954 | D:3      | Noticed Terence
  3017 | D:3      | Killed Terence
  3017 | D:3      | Reached XP level 5. HP: 24/28 MP: 11/14
  3095 | D:3      | Found a radiant altar of Vehumet.
  3140 | D:3      | Noticed Sigmund
  3345 | D:3      | Reached skill level 5 in Spellcasting
  3431 | D:3      | Killed Sigmund
  3431 | D:3      | Reached XP level 6. HP: 15/32 MP: 2/16
  3802 | D:3      | Learned a level 5 spell: Lightning Bolt
  4213 | D:4      | Found a staircase to the Ecumenical Temple.
  4218 | D:4      | Reached skill level 6 in Spellcasting
  4341 | Temple   | Entered the Ecumenical Temple
  4420 | Temple   | Became a worshipper of Sif Muna the Loreminder
  4615 | D:4      | You fall through a shaft for 3 floors!
  4620 | D:7      | Reached skill level 5 in Air Magic
  4702 | D:6      | Reached XP level 7. HP: 36/36 MP: 9/18
  4792 | D:5      | Entered Level 5 of the Dungeon
  5365 | D:5      | Found a glowing silver altar of Zin.
  5452 | D:5      | Found a shattered altar of Ashenzari.
  5474 | D:5      | Reached skill level 5 in Conjurations
  5764 | D:5      | Reached * piety under Sif Muna
  5955 | D:5      | Reached skill level 7 in Spellcasting
  6109 | D:5      | Noticed Prince Ribbit
  6114 | D:5      | Killed Prince Ribbit
  6114 | D:5      | Reached XP level 8. HP: 21/41 MP: 10/21
  6348 | D:5      | Slain by a black bear

Skill      XL: |  1  2  3  4  5  6  7  8 |
---------------+-------------------------+-----
Conjurations   | 2 3 4 5 6 |  6.1
Spellcasting   | 4 5 6 7 |  7.8
Air Magic      | 4 5 6 |  6.2
Dodging        | |  2.4
Stealth        | |  2.4

Action                   |  1- 3 |  4- 6 |  7- 9 || total
-------------------------+-------+-------+-------++-------
Melee: Dagger            |     6 |       |     1 ||     7
 Cast: Shock             |    71 |   132 |    81 ||   284
       Static Discharge  |       |     4 |     7 ||    11
  Use: Scroll            |       |       |     4 ||     4
  Eat: Chunk             |     3 |     8 |     5 ||    16
Armor: Robe              |     2 |       |       ||     2
       Steam dragon scal |       |     3 |     5 ||     8
Dodge: Dodged            |    16 |    16 |    17 ||    49
